 Dungeon Crawl Stone Soup version 0.28.0-45-g0d030f2227 (webtiles) character file.

Game seed: 12487265585325427590

3678 MisterFreud the Transmogrifier (level 9, -32/90 HPs)
             Began as a White Draconian Transmuter on Apr 12, 2022.
             Was a Priest of Qazlal.
             Annihilated by a boulder beetle (47 damage)
             ... on level 8 of the Dungeon.
             The game lasted 00:15:27 (8749 turns).

MisterFreud the Transmogrifier (DrTm)               Turns: 8749, Time: 00:15:27

Health: -32/90     AC:  8    Str: 13    XL:     9   Next: 90%
Magic:  12/13      EV: 12    Int: 16    God:    Qazlal [***...]
Gold:   348        SH:  4    Dex: 13    Spells: 4/14 levels left

rFire   x . .      SeeInvis .     - Unarmed
rCold   + + +      Faith    .   (shield currently unavailable)
rNeg    . . .      Spirit   .   (armour unavailable)
rPois   +          Reflect  .   (helmet currently unavailable)
rElec   .          Harm     .   (cloak currently unavailable)
rCorr   .          Rampage  .   (gloves currently unavailable)
Will    .....                   (boots currently unavailable)
Stlth   +.........              (no amulet)
HPRegen 0.25/turn               v - ring of protection from fire
MPRegen 0.13/turn               y - ring of ice

@: ice-form
A: freezing attack, amphibious, boosted hp, (breathe frost), AC +7, large,
unfitting armour, (cold resistance 1), (cold-blooded)
a: End Transformation, Renounce Religion, Upheaval, Elemental Force


You were on level 8 of the Dungeon.
You worshipped Qazlal.
Qazlal was most pleased with you.
You were a creature of crystalline ice.
You visited 1 branch of the dungeon, and saw 8 of its levels.

You collected 404 gold pieces.
You spent 56 gold pieces at shops.

Inventory:

Hand Weapons
 j - a +1 hunting sling of flaming
Missiles
 i - 5 boomerangs
 l - 167 stones
 m - 27 poisoned darts
 o - 15 javelins
 w - 60 sling bullets
Armour
 k - a +0 cloak (melded)
Jewellery
 v - a ring of protection from fire (left front paw)
 y - a ring of ice (right front paw)
Wands
 p - a wand of paralysis (3)
Scrolls
 a - a scroll of enchant weapon {unknown}
 c - a scroll of silence {unknown}
 e - 3 scrolls of teleportation
 n - a scroll of blinking {unknown}
 t - a scroll of acquirement {unknown}
 x - a scroll of enchant armour {unknown}
 A - a scroll of magic mapping {unknown}
Potions
 b - a potion of might
 d - a potion of berserk rage
 f - 2 potions of flight
 g - 3 potions of curing
 h - 2 potions of attraction
 q - 3 potions of brilliance
 r - 3 potions of mutation
 s - a potion of haste
 u - a potion of ambrosia {unknown}
 z - a potion of invisibility {unknown}
 B - a potion of heal wounds {unknown}


   Skills:
 - Level 6.0 Fighting
 - Level 6.0 Dodging
 + Level 8.0 Unarmed Combat
 - Level 3.0 Spellcasting
 - Level 8.0 Transmutations
 - Level 4.0 Ice Magic
 - Level 1.0 Poison Magic


You had 4 spell levels left.
You knew the following spells:

 Your Spells              Type           Power      Damage    Failure   Level
a - Beastly Appendage     Tmut           56%        N/A       1%          1
b - Wereblood             Tmut           28%        N/A       1%          2
c - Spider Form           Tmut/Pois      16%        N/A       9%          3
d - Ice Form              Ice/Tmut       32%        N/A       16%         4

Your spell library contained the following spells:

 Spells                   Type           Power      Damage    Failure   Level
 Sting                    Tmut/Pois      64%        1d6       3%          1
 Poisonous Vapours        Pois/Air       8%         N/A       22%         2
 Olgreb's Toxic Radiance  Pois           5%         N/A       77%         4
 Leda's Liquefaction      Hex/Erth       1%         N/A       88%         4
 Lee's Rapid Deconstruct  Erth           1%         3d5*      99%         5
 Statue Form              Tmut/Erth      10%        N/A       99%         6


Dungeon Overview and Level Annotations

Branches:
Dungeon (8/15)             Temple (0/1) D:5
   Lair: D:8-11

Altars:
Gozag
Qazlal

Shops:
D:2 !   D:4 [   D:5 :

Annotations:
D:8 Grum


Innate Abilities, Weirdness & Mutations

You are a creature of crystalline ice.
You have a powerful freezing melee attack.
You are amphibious.
Your maximum health is increased.
Your armour is entirely melded.
You are incapable of wielding weapons or throwing items.
((You can breathe waves of freezing cold which knock back foes.))
((Your icy white scales are hard. (AC +7)))
You cannot fit into any form of body armour.
((Your flesh is cold resistant. (rC+)))
((You are cold-blooded and may be slowed by cold attacks.))


Message History

Unknown command.
Casting: Ice Form (dangerous; 16% risk of failure)
Confirm with . or Enter, or press ? or * to list all spells.
You feel a surge of power!
You turn into a creature of crystalline ice.
Your +0 cloak melds into your body.
The boulder beetle curls into a ball and begins rolling!
The boulder beetle closely misses you.
The boulder beetle stops rolling and uncurls.
You hit the boulder beetle but do no damage.
The boulder beetle leaps!
You hit the boulder beetle but do no damage.
The boulder beetle closely misses you.
You hit the boulder beetle but do no damage.
You hit the boulder beetle but do no damage.
You have got your breath back.
The boulder beetle bites you!!
You punch the boulder beetle! You freeze the boulder beetle.
The boulder beetle is lightly wounded.
The boulder beetle bites you!
You hit the boulder beetle but do no damage.
The boulder beetle is lightly wounded.
The boulder beetle leaps!
The boulder beetle curls into a ball and begins rolling!
The boulder beetle hits you!!!
* * * LOW HITPOINT WARNING * * *
The boulder beetle stops rolling and uncurls.
The boulder beetle leaps!
The boulder beetle leaps!
There is a stone staircase leading up here.
The boulder beetle curls into a ball and begins rolling!
The boulder beetle hits you.
* * * LOW HITPOINT WARNING * * *
The boulder beetle stops rolling and uncurls.
Found a stone staircase leading down.
You hear a roar!
The boulder beetle curls into a ball and begins rolling!
The boulder beetle hits you!!!
Ouch! That really hurt!
You die...

.## ..# # #.##.###.
........
#.#######.##..##.
##......°.........
.......YB○>°......
##.#######°.##.#. #.#
#○.# # #.# #°.##.#..
###.####.#######........
........................
#.......<#######..###.#
#..###.### ...# #
##..###.###### ...#


You could see a boulder beetle (rolling).

Vanquished Creatures
  A two-headed ogre (D:6)
  Pikel (D:5)
  Maggie (D:6)
  The ghost of DungeonMaster the Covered, a novice DsWn of Gozag (D:6)
  Sigmund (D:2)
  Edmund (D:4)
  A water moccasin (D:7)
  A sky beast (D:7)
  A black bear (D:7)
  An ice beast (D:7)
  2 necrophages (D:4)
  An ogre (D:4)
  A wolf (D:7)
  A centaur (D:5)
  A kobold brigand (D:7)
  A wyvern zombie (D:5)
  Blork the orc (D:5)
  2 scorpions (D:4)
  4 wights (D:6)
  2 jellies
  A bullfrog zombie (D:4)
  5 hounds
  A centaur skeleton (D:4)
  An orc wizard (D:6)
  2 iguanas (D:4)
  A killer bee zombie (D:6)
  A hound skeleton (D:4)
  A howler monkey zombie (D:7)
  7 adders
  3 worms
  10 orcs
  6 ball pythons
  10 endoplasms
  5 giant cockroaches
  7 goblins
  7 hobgoblins
  4 quokkas
  4 bats
  A frilled lizard (D:2)
  14 kobolds
  5 rats
122 creatures vanquished.

Vanquished Creatures (others)
  A plant (D:4)
1 creature vanquished.

Grand Total: 123 creatures vanquished

Notes
Turn   | Place    | Note
-------+----------+-------------------------------------------
     0 | D:1      | MisterFreud the Draconian Transmuter began the quest for
                  | the Orb.
     0 | D:1      | Reached XP level 1. HP: 16/16 MP: 3/3
   347 | D:1      | Found a faded altar of an unknown god.
   355 | D:1      | Prayed at the altar of an unknown god.
   355 | D:1      | Became a worshipper of Qazlal Stormbringer
   355 | D:1      | Reached * piety under Qazlal
   557 | D:1      | Reached XP level 2. HP: 23/23 MP: 3/5
  1353 | D:2      | Noticed Sigmund
  1355 | D:2      | Reached XP level 3. HP: 28/28 MP: 4/6
  1450 | D:1      | Learned a level 2 spell: Wereblood
  1454 | D:1      | Learned a level 3 spell: Spider Form
  1638 | D:2      | Reached ** piety under Qazlal
  1790 | D:2      | Found Wowusido's Distillery.
  1799 | D:2      | Bought a potion of curing for 42 gold pieces
  1799 | D:2      | Bought a potion of degeneration for 14 gold pieces
  1979 | D:2      | Killed Sigmund
  1980 | D:2      | Reached skill level 5 in Transmutations
  1980 | D:2      | Reached XP level 4. HP: 13/35 MP: 2/8
  1980 | D:2      | Reached XP level 5. HP: 15/40 MP: 2/9
  3630 | D:4      | Found Ruossof's Antique Armour Boutique.
  3670 | D:4      | Reached XP level 6. HP: 48/48 MP: 8/10
  3748 | D:4      | Reached skill level 1 in Poison Magic
  3764 | D:5      | Entered Level 5 of the Dungeon
  4104 | D:4      | Noticed Edmund
  4135 | D:4      | Killed Edmund
  4136 | D:4      | Your scales start taking on an icy white colour.
  4136 | D:4      | Reached XP level 7. HP: 41/59 MP: 8/11
  4136 | D:4      | Gained mutation: Your flesh is cold resistant. (rC+) [White
                  | Draconian growth]
  4146 | D:4      | Reached skill level 5 in Unarmed Combat
  4152 | D:4      | Learned a level 4 spell: Ice Form
  4319 | D:4      | Reached skill level 1 in Ice Magic
  4550 | D:4      | Reached *** piety under Qazlal
  4994 | D:5      | Found Sojeqen's Book Shoppe.
  5105 | D:5      | Found a staircase to the Ecumenical Temple.
  5114 | D:5      | Reached XP level 8. HP: 47/66 MP: 5/12
  5313 | D:5      | Noticed Blork the orc
  5320 | D:5      | Killed Blork the orc
  6066 | D:6      | Noticed Pikel
  6084 | D:5      | Killed Pikel
  6085 | D:5      | Reached skill level 5 in Dodging
  6804 | D:6      | Reached XP level 9. HP: 67/67 MP: 9/13
  6960 | D:6      | Noticed Maggie
  6964 | D:6      | Noticed a two-headed ogre
  7617 | D:7      | Found an opulent altar of Gozag.
  7842 | D:8      | Noticed Grum
  8030 | D:6      | Found a runed translucent door.
  8077 | D:6      | Killed a two-headed ogre
  8078 | D:6      | Reached skill level 5 in Fighting
  8412 | D:6      | Killed Maggie
  8577 | D:6      | Noticed DungeonMaster's ghost (novice DsWn)
  8592 | D:6      | Killed DungeonMaster's ghost
  8677 | D:8      | Noticed a boulder beetle
  8749 | D:8      | Annihilated by a boulder beetle

Illustrated notes

Levels and vault maps discovered:
D:1:      minmay_arrival_widening_spiral_narrow, layout_basic, serial_glass,
          glass_columns_a, glass_columns_b, minmay_strange_pillars,
          feat_on_display, minmay_strange_pillars, basic_ecumenical_altar
D:2:      layout_basic, serial_shops, nicolae_square_shop, uniq_sigmund
D:3:      layout_basic
D:4:      minmay_bubble_buster, layout_rooms, serial_shops,
          nicolae_shop_overgrown_old_shop, uniq_edmund
D:5:      layout_loops_corners, temple_fountains, serial_shops, shop,
          chequers_avenue, uniq_blork_the_orc
D:6:      layout_basic, ebering_ghost_reflecting_pool, uniq_maggie, uniq_pikel
D:7:      layout_gridville, kennysheep_mini_moat,
          hangedman_decor_clover_reticule
D:8:      layout_basic, guppyfry_shop_venom, uniq_grum

Skill      XL: |  1  2  3  4  5  6  7  8  9 |
---------------+----------------------------+-----
Transmutations | 5 6 8 |  8.0
Spellcasting   | 3 |  3.0
Fighting       | 2 4 6 |  6.0
Poison Magic   | 1 |  1.0
Unarmed Combat | 4 6 8 |  8.0
Ice Magic      | 3 4 |  4.0
Dodging        | 5 6 |  6.0

Action                   |  1- 3 |  4- 6 |  7- 9 || total
-------------------------+-------+-------+-------++-------
Melee: Unarmed           |    98 |    91 |   307 ||   496
       Headbutt          |     8 |     3 |       ||    11
       Tailslap          |     8 |     9 |    22 ||    39
       Kick              |    21 |    13 |       ||    34
       Punch             |     1 |     1 |     8 ||    10
 Cast: Beastly Appendage |    25 |    15 |       ||    40
       Spider Form       |     2 |     3 |    11 ||    16
       Ice Form          |       |       |    10 ||    10
 Abil: Breathe Frost     |       |       |    12 ||    12
       End Transformatio |       |       |     1 ||     1
  Use: Scroll            |     1 |     1 |     6 ||     8
Armor: Skin              |    27 |    12 |    58 ||    97
Dodge: Dodged            |    44 |    42 |   180 ||   266
Block: Other             |     3 |    15 |    41 ||    59
